 Dungeon Crawl Stone Soup version 0.25.0-41-g26779e291d (webtiles) character file.

Game seed: 11526818867577955015

62 Ethylacetat the Poker (level 4, -1/30 HPs)
             Began as an Octopode Gladiator on July 10, 2020.
             Slain by Grinder (2 damage)
             ... on level 3 of the Dungeon.
             The game lasted 00:01:41 (1722 turns).

Ethylacetat the Poker (Octopode Gladiator)          Turns: 1722, Time: 00:01:41

Health: -1/30      AC:  1    Str: 14    XL:     4   Next: 8%
Magic:  4/4        EV: 14    Int: 10    God:
Gold:   130        SH:  0    Dex: 13    Spells: 3/3 levels left

rFire    . . .     SeeInvis .   a - +0 trident
rCold    . . .     Gourm    .   (no shield)
rNeg     . . .     Faith    .   b - +0 hat
rPois    .         Spirit   .   (no amulet)
rElec    .         Reflect  .   (no ring)
rCorr    .         Harm     .   (no ring)
MR       .....                  (no ring)
Stlth    ++........             (no ring)
HPRegen  0.10/turn              (no ring)
MPRegen  0.09/turn              (no ring)
                                (no ring)
                                (no ring)

@: no status effects
A: almost no armour, stealthy swim, amphibious, 8 rings, constrict 8, camouflage
1, gelatinous body 1
a: no special abilities


You were on level 3 of the Dungeon.
You were hungry.

You visited 1 branch of the dungeon, and saw 3 of its levels.

You collected 130 gold pieces.

Inventory:

Hand Weapons
 a - a +0 trident (weapon)
Missiles
 c - 3 throwing nets (quivered)
Armour
 b - a +0 hat (worn)
Scrolls
 f - a scroll of enchant weapon {unknown}
 k - 3 scrolls of remove curse {unknown}
 l - a scroll of noise {unknown}
 m - a scroll of random uselessness {unknown}
 n - a scroll of identify {unknown}
 r - a scroll of enchant armour {unknown}
Potions
 e - 2 potions of brilliance {unknown}
 g - 2 potions of magic {unknown}
 h - a potion of degeneration {unknown}
 i - a potion of heal wounds {unknown}
 j - a potion of stabbing {unknown}
 o - a potion of haste {unknown}
 p - a potion of berserk rage {unknown}
 s - a potion of cancellation {unknown}
Comestibles
 d - 5 rations
 q - a chunk of flesh


   Skills:
 + Level 2.9 Fighting
 * Level 4.3 Polearms
 - Level 2.0 Throwing
 - Level 3.0 Dodging


You had 3 spell levels left.
You didn't know any spells.
Your spell library was empty.

Dungeon Overview and Level Annotations

Branches:
Dungeon (3/15)

Altars:

Annotations:
D:3 Grinder


Innate Abilities, Weirdness & Mutations

You cannot wear most types of armour.
You are very stealthy in the water. (Stealth+)
You are amphibious.
You can wear up to eight rings at the same time.
You can use your tentacles to constrict eight enemies at once.
Your skin changes colour to match your surroundings (Stealth+).
Your rubbery body absorbs attacks. (AC +1, EV +1)


Message History

You closely miss the jackal. You grab the jackal.
You constrict the jackal, but do no damage.
The jackal misses you. The jackal bites you.
You hit the jackal.
The jackal is severely wounded.
You constrict the jackal. The jackal misses you.
You barely miss the jackal.
The jackal is almost dead.
You constrict the jackal.
You kill the jackal!
You hit Grinder. You grab Grinder.
Grinder is lightly wounded.
You constrict Grinder. Grinder hits you!
* * * LOW HITPOINT WARNING * * *
You writhe in agony.
* * * LOW HITPOINT WARNING * * *
Grinder hits you.
* * * LOW HITPOINT WARNING * * *
You writhe in agony.
You die...

######..####
#.....รท....####### ##
#..........#.....# ##.
#.......>..#.....#
.###..#####................#
.....................#.....#
...........................#
.....?.........#############
...............5@.......
.............###########
........%....#
.............#
.............#
............## ....##......#
.......####... #......# ####


You could see Grinder.

Vanquished Creatures
  2 adders
  An ooze (D:1)
  2 dart slugs (D:1)
  A leopard gecko (D:1)
  3 bats (D:1)
  2 giant cockroaches (D:1)
  3 goblins
  3 hobgoblins (D:1)
  3 jackals (D:3)
  6 kobolds
  3 frilled lizards
  5 rats
34 creatures vanquished.

Notes
Turn   | Place    | Note
-------+----------+-------------------------------------------
     0 | D:1      | Ethylacetat the Octopode Gladiator began the quest for the
                  | Orb.
     0 | D:1      | Reached XP level 1. HP: 14/14 MP: 1/1
    70 | D:1      | Reached XP level 2. HP: 18/19 MP: 2/2
   704 | D:1      | Reached XP level 3. HP: 25/25 MP: 3/3
  1091 | D:2      | Reached skill level 4 in Polearms
  1702 | D:3      | Reached XP level 4. HP: 25/30 MP: 4/4
  1702 | D:3      | Noticed Grinder
  1722 | D:3      | HP: 1/30 [Grinder (3)]
  1722 | D:3      | Slain by Grinder

Illustrated notes

Levels and vault maps discovered:
D:1:      onia_arrival_mini_spirals, layout_basic
D:2:      layout_loops_corners, chequers_serial_rivers_micro_a
D:3:      layout_rooms, first_ration, uniq_grinder

Skill      XL: |  1  2  3 |
---------------+----------+-----
Polearms       | 4 |  4.3
Fighting       | |  2.9
Throwing       | |  2.0
Dodging        | |  3.0

Action                   |  1- 3 |  4- 6 || total
-------------------------+-------+-------++-------
Melee: Trident           |    72 |    10 ||    82
       Constrict         |    19 |     3 ||    22
       Tentacles         |     9 |     1 ||    10
 Stab: Sleeping          |     9 |       ||     9
  Eat: Chunk             |     2 |       ||     2
Armor: Skin              |     7 |     1 ||     8
Dodge: Dodged            |    31 |     9 ||    40
